 Dungeon Crawl Stone Soup version 0.21.1-1-g345015fe64 (webtiles) character file.

10469 Hibernaculum the Archer (level 11, -1/118 HPs)
             Began as a Centaur Hunter on July 1, 2018.
             Was a Believer of Ashenzari.
             Slain by a wolf (5 damage)
             ... on level 2 of the Lair of Beasts.
             The game lasted 00:36:23 (15207 turns).

Hibernaculum the Archer (Centaur Hunter)           Turns: 15207, Time: 00:36:24

Health: -1/118     AC: 25    Str: 15    XL:     11   Next: 36%
Magic:  11/11      EV:  1    Int: 12    God:    Ashenzari [**....]
Gold:   671        SH:  0    Dex: 13    Spells: 10/10 levels left

rFire    . . .     SeeInvis .   q - +4 halberd (freeze)
rCold    . . .     Gourm    .   (shield currently unavailable)
rNeg     + + +     Faith    .   (armour currently unavailable)
rPois    +         Spirit   .   (helmet currently unavailable)
rElec    .         Reflect  .   (cloak currently unavailable)
rCorr    .         Harm     .   (gloves currently unavailable)
MR       .....     NoTele   +   (no barding)
Stlth    +.........             (no amulet)
HPRegen  0.29/turn              B - +2 ring of intelligence
MPRegen  0.12/turn              (no ring)

@: tree-form
A: large
a: Curse Item, Scrying, Renounce Religion


You were on level 2 of the Lair of Beasts.
You worshipped Ashenzari.
Ashenzari was pleased with you.
You were not hungry.
You were a tree.
You visited 3 branches of the dungeon, and saw 14 of its levels.

You collected 671 gold pieces.

Inventory:

Hand Weapons
 g - a +2 shortbow of freezing
 q - a +4 halberd of freezing (weapon)
Missiles
 d - 200 arrows
Armour
 h - a +0 pair of gloves
 n - a +0 cloak (melded)
 s - a cursed +0 helmet (melded)
 z - the cursed -3 pair of gloves "Eleof" (melded) {+Inv Regen+ Int-2 Slay+5}
   (You found it on level 7 of the Dungeon)

   It affects your intelligence (-2).
   It affects your accuracy and damage with ranged weapons and melee attacks
   (+5).
   It lets you turn invisible.
   It increases your rate of regeneration.
   It has a curse placed upon it.
 G - a cursed +0 chain mail (melded)
Jewellery
 a - the ring "Bape" {rPois rC- MP+9 Int-2 Dex+10}
   (You found it on level 10 of the Dungeon)

   [ring of magical power]

   It affects your intelligence (-2).
   It affects your dexterity (+10).
   It makes you vulnerable to cold.
   It protects you from poison.
   It affects your magic capacity (+9).
 B - a +2 ring of intelligence (left branch)
Wands
 o - a wand of enslavement (24)
 t - a wand of random effects (25)
 u - a wand of acid (10)
 C - a wand of iceblast (16)
Scrolls
 c - 2 scrolls of enchant weapon
 i - 7 scrolls of identify
 j - a scroll of immolation
 l - 6 scrolls of teleportation
 m - 7 scrolls of remove curse
 w - a scroll of enchant armour {unknown}
 D - a scroll of holy word
Potions
 b - 2 potions of might {unknown}
 e - 3 potions of agility
 k - 5 potions of lignification
 p - 6 potions of brilliance
 v - 6 potions of flight
 x - a potion of ambrosia {unknown}
Comestibles
 f - 26 rations
 r - a chunk of flesh


   Skills:
 - Level 2.0 Fighting
   Level 0.4 Short Blades
 - Level 10.2 Polearms
 - Level 14.0 Bows
 + Level 4.0(6.1) Armour
 - Level 6.1 Dodging
 - Level 0.4 Stealth


You had 10 spell levels left.
You didn't know any spells.

Dungeon Overview and Level Annotations

Branches:
Dungeon (11/15)            Temple (1/1) D:7            Lair (2/6) D:9
  Swamp: Lair:2-4    Shoals: Lair:2-4     Snake: Lair:2-4    Spider: Lair:2-4
    Orc: D:9-12

Altars:
Ashenzari
Cheibriados
Dithmenos
Elyvilon
Fedhas
Gozag
Hepliaklqana
Kikubaaqudgha
Makhleb
Nemelex Xobeh
Okawaru
Qazlal
Ru
Sif Muna
Trog
Uskayaw
Vehumet
Wu Jian
Xom
Yredelemnul
Zin
The Shining One

Shops:
D:4 =:(%

Annotations:
D:2 exclusion: 2 downstairs
D:3 Sigmund
D:11 Urug


Innate Abilities, Weirdness & Mutations

((You have hooves in place of feet.))
((Armour fits poorly on your strangely shaped body.))
((You cover ground very quickly.))
((You have extremely tough skin. (AC +3)))


Message History

The wolf is moderately wounded.
The wolf bites you but does no damage. x4
You miss the wolf.
The wolf is moderately wounded.
The wolf bites you but does no damage. x3
You miss the wolf.
The wolf is moderately wounded.
The wolf bites you but does no damage. The wolf bites you.
* * * LOW HITPOINT WARNING * * *
The wolf bites you but does no damage.
You hit the wolf. You freeze the wolf.
The wolf is heavily wounded.
The wolf bites you but does no damage. x4
You slash the wolf! You freeze the wolf.
You kill the wolf!
Your base Armour skill increases to level 4!
The wolf bites you.
* * * LOW HITPOINT WARNING * * *
The wolf bites you.
You die...

#............................
#............................
#............................
#...................######.P.
#...................# ###.
##....#PP..#P#......##### #..
#...###########......##.#####.
#...# ##h............... #...#
#♣#...............
##..##########h......##.##P...
#...#.##..P#.#................
##.........h{.................
##..........h..............#..
#P÷.............##....##..+#..
##....#.#.#.#.P####...........
#.............## #...........
##.............# #.#.####....


You could see 2 wolves.

Vanquished Creatures
  The ghost of Scypier the Cleaver, a journeyman HOFi of Beogh (Lair:1)
  A hydra (Lair:1)
  2 two-headed ogres
  The ghost of Hibernaculum the Cleaver, a novice NaFi of Gozag (D:7)
  The ghost of kakarotto the Covered, a novice MiFi (D:6)
  A spiny frog (Lair:1)
  3 trolls
  A hippogriff (D:7)
  A spriggan (D:8)
  5 yaks (D:10)
  2 water moccasins (Lair:1)
  2 porcupines
  3 orc warriors
  A sky beast (D:4)
  2 ogres
  3 necrophages
  4 phantoms
  10 wolves
  3 centaurs
  2 crocodiles
  3 big kobolds
  5 bullfrogs
  3 scorpions
  8 wights
  A crimson imp (D:5)
  A centaur zombie (D:10)
  A quasit (D:7)
  6 orc priests
  6 hounds
  2 centaur skeletons
  3 jellies
  2 bullfrog skeletons
  Jessica (D:3)
  5 worker ants
  Ijyb (D:3)
  6 orc wizards
  A hound skeleton (D:10)
  8 gnolls
  8 adders
  A shadow imp (D:10)
  3 oozes
  An adder zombie (D:6)
  An adder skeleton (D:8)
  3 worms (D:2)
  4 dart slugs
  8 leopard geckos
  21 orcs
  A giant cockroach (D:1)
  3 goblins
  9 hobgoblins
  6 jackals
  5 quokkas
  2 ball pythons
  10 bats
  13 frilled lizards
  20 kobolds
  A quokka zombie (D:5)
  7 rats
239 creatures vanquished.

Vanquished Creatures (others)
  An orc (D:8)
  4 jackals (D:8)
  A fungus (Lair:1)
6 creatures vanquished.

Grand Total: 245 creatures vanquished

Notes
Turn   | Place    | Note
-------+----------+-------------------------------------------
     0 | D:1      | Hibernaculum the Centaur Hunter began the quest for the Orb.
     0 | D:1      | Reached XP level 1. HP: 17/17 MP: 1/1
   307 | D:1      | Reached XP level 2. HP: 14/24 MP: 2/2
   311 | D:1      | Reached skill level 6 in Bows
   727 | D:1      | Reached XP level 3. HP: 8/29 MP: 3/3
  1411 | D:2      | Found a deep blue altar of Sif Muna.
  1463 | D:2      | Reached skill level 7 in Bows
  1552 | D:2      | Reached XP level 4. HP: 32/36 MP: 4/4
  1745 | D:2      | Reached skill level 1 in Polearms
  2257 | D:2      | Found a faded altar of an unknown god.
  2961 | D:3      | Reached XP level 5. HP: 35/41 MP: 5/5
  3182 | D:3      | Noticed Sigmund
  3410 | D:3      | Noticed Ijyb
  3424 | D:3      | Killed Ijyb
  3613 | D:3      | Noticed Jessica
  3620 | D:3      | Killed Jessica
  3945 | D:4      | Found a bloodstained altar of Trog.
  3946 | D:4      | Found a radiant altar of Vehumet.
  4139 | D:4      | Reached XP level 6. HP: 29/48 MP: 6/6
  4322 | D:4      | Found Jonaf's Jewellery Emporium.
  4402 | D:4      | Found Utomeul's Book Shop.
  4550 | D:4      | Found Nuesk's Food Shop.
  4612 | D:4      | Found Senwiq's Weapon Shop.
  5099 | D:5      | Entered Level 5 of the Dungeon
  5103 | D:5      | Noticed a sky beast
  5231 | D:4      | Killed a sky beast
  5231 | D:4      | Reached skill level 8 in Bows
  5423 | D:5      | Reached XP level 7. HP: 45/55 MP: 7/7
  5612 | D:5      | Reached skill level 9 in Bows
  5618 | D:5      | Reached skill level 5 in Polearms
  6183 | D:6      | Got a distressingly furry leather armour
  6218 | D:6      | Identified the +1 leather armour of Indecent Exposure {-Cast rCorr Str+5} (You found it on level 6 of the Dungeon)
  6262 | D:6      | Found an ornate altar of the Wu Jian Council.
  6541 | D:6      | Found a hide-covered altar of Uskayaw.
  6988 | D:6      | Reached skill level 10 in Bows
  7213 | D:6      | Reached XP level 8. HP: 61/61 MP: 8/8
  7603 | D:6      | Noticed kakarotto's ghost (novice MiFi)
  7885 | D:6      | Killed kakarotto's ghost
  7885 | D:6      | Reached skill level 11 in Bows
  8232 | D:7      | Reached skill level 12 in Bows
  8599 | D:7      | Found the +10 zealot's sword {holy, *Rage rN+ EV+3}
  8613 | D:7      | Got a pair of smoking gloves
  8624 | D:7      | Identified the -3 pair of gloves "Eleof" {+Inv Regen+ Int-2 Slay+5} (You found it on level 7 of the Dungeon)
  8660 | D:7      | Noticed a troll
  8668 | D:7      | Killed a troll
  8703 | D:7      | Reached XP level 9. HP: 55/67 MP: 9/9
  8798 | D:7      | Reached skill level 13 in Bows
  9192 | D:7      | Reached skill level 14 in Bows
  9361 | D:7      | Noticed Hibernaculum's ghost (novice NaFi)
  9436 | D:7      | Killed Hibernaculum's ghost
 10147 | D:8      | Noticed a two-headed ogre
 10204 | D:7      | Killed a two-headed ogre
 10301 | D:8      | Reached XP level 10. HP: 61/73 MP: 10/10
 10408 | D:8      | Noticed a two-headed ogre
 10417 | D:8      | Killed a two-headed ogre
 10470 | D:8      | Noticed an angel
 10471 | D:8      | Found a shimmering altar of Xom.
 10472 | D:8      | Found a glowing silver altar of Zin.
 10528 | D:8      | Reached skill level 10 in Polearms
 10988 | D:9      | Found a staircase to the Lair.
 11091 | D:9      | Reached skill level 1 in Armour
 12249 | D:7      | Found a staircase to the Ecumenical Temple.
 12257 | Temple   | Entered the Ecumenical Temple
 12478 | Temple   | Became a worshipper of Ashenzari the Shackled
 12585 | D:10     | Entered Level 10 of the Dungeon
 12968 | D:10     | Identified the ring "Bape" {rPois rC- MP+9 Int-2 Dex+10}
 13255 | D:10     | Reached * piety under Ashenzari
 13764 | D:11     | Noticed Urug
 13916 | Lair:1   | Entered Level 1 of the Lair of Beasts
 14152 | Lair:1   | Reached XP level 11. HP: 63/79 MP: 11/11
 14198 | Lair:1   | Noticed Scypier's ghost (journeyman HOFi)
 14259 | Lair:1   | Killed Scypier's ghost
 14259 | Lair:1   | Reached skill level 5 in Dodging
 14698 | Lair:1   | Noticed a six-headed hydra
 14705 | Lair:1   | Killed a six-headed hydra
 15065 | Lair:2   | Reached ** piety under Ashenzari
 15201 | Lair:2   | HP: 5/118 [wolf (1)]
 15207 | Lair:2   | HP: 4/118 [wolf (2)]
 15207 | Lair:2   | Slain by a wolf

Skill      XL: |  1  2  3  4  5  6  7  8  9 10 11 |
---------------+----------------------------------+-----
Bows           | 6 7 8 10 12 14 | 14.0
Polearms       | 2 3 4 5 6 9 10 | 10.2
Armour         | 3 4 |  4.0
Dodging        | 4 6 |  6.1
Fighting       | |  2.0
Short Blades   | |  0.4
Stealth        | |  0.4

Action                   |  1- 3 |  4- 6 |  7- 9 | 10-12 || total
-------------------------+-------+-------+-------+-------++-------
Melee: Short sword       |    38 |       |       |       ||    38
       Kick              |    17 |    34 |    40 |    39 ||   130
       Halberd           |    86 |   113 |    31 |   217 ||   447
       Trident           |       |   100 |   167 |       ||   267
       Shortbow          |       |     1 |       |     1 ||     2
 Fire: Shortbow          |       |    39 |   220 |    72 ||   331
Invok: Curse Item        |       |       |       |     2 ||     2
Evoke: Wand              |       |       |     3 |       ||     3
  Use: Potion            |     2 |     2 |       |     2 ||     6
       Scroll            |       |       |       |    13 ||    13
  Eat: Chunk             |     1 |     9 |     8 |     8 ||    26
       Ration            |       |       |     2 |     1 ||     3
Armor: Leather armour    |    11 |       |       |       ||    11
       Ring mail         |    40 |       |       |       ||    40
       Scale mail        |    14 |   119 |    72 |    33 ||   238
       Chain mail        |       |       |       |    64 ||    64
       Skin              |       |       |       |    31 ||    31
Dodge: Dodged            |    68 |    74 |    53 |    67 ||   262
